 Dungeon Crawl Stone Soup version 0.31-a0-231-g51bb95cda3 (webtiles) character file.

Game seed: 8662361891298153381

136 qw the Shooter (level 5, 0/30 HPs)
             Began as a Gargoyle Hexslinger on July 6, 2023.
             Slain by an orc priest
             ... wielding a +0 halberd
              (3 damage)
             ... on level 3 of the Dungeon.
             The game lasted 00:01:04 (2798 turns).

qw the Shooter (Gargoyle Hexslinger)                Turns: 2798, Time: 00:01:05

Health: 0/30       AC: 10    Str: 11    XL:     5   Next: 19%
Magic:  6/6        EV: 10    Int: 14    God:
Gold:   204        SH:  0    Dex: 14    Spells: 5/6 levels left

rFire   . . .        Y - +1 sling
rCold   . . .        (no shield)
rNeg    + . .        d - +0 ring mail
rPois   inf          (no helmet)
rElec   +            (no cloak)
rCorr   .            (no gloves)
SInv    .            g - +0 pair of boots
Will    .....        (no amulet)
Stlth   +            (no ring)
HPRegen 0.25/turn    (no ring)
MPRegen 0.10/turn

%: no passive effects
@: about to teleport
A: sickness immunity, AC +4, negative energy resistance 1, electricity
resistance, torment resistance 1, petrification resistance
a: no special abilities


You were on level 3 of the Dungeon.
You visited 1 branch of the dungeon, and saw 3 of its levels.

You collected 204 gold pieces.


Innate Abilities, Weirdness & Mutations

You are immune to sickness and miasma.
Your stone body is resilient. (AC +4)
You are immune to poison.
You resist negative energy. (rN+)
You are resistant to electric shocks. (rElec)
You are resistant to unholy torment.
You are immune to petrification.


   Skills:
 - Level 2.0 Fighting
 + Level 4.8 Ranged Weapons
 - Level 1.0 Armour
 - Level 1.5 Dodging
 - Level 1.0 Spellcasting
 - Level 2.6 Hexes


You had 5 spell levels left.
You knew the following spells:

 Your Spells              Type           Power      Damage    Failure   Level
a - Slow                  Hex            32%        N/A       21%         1

Your spell library contained the following spells:

 Spells                   Type           Power      Damage    Failure   Level
 Inner Flame              Hex/Fire       4%         N/A       71%         3
 Portal Projectile        Hex/Tloc       8%         N/A       71%         3
 Cause Fear               Hex            4%         N/A       90%         4

Inventory:

Hand Weapons
 Y - a +1 sling (weapon)
Armour
 d - a +0 ring mail (worn)
 g - a +0 pair of boots (worn)
Jewellery
 i - a ring of willpower
Scrolls
 a - a scroll of identify
 e - a scroll of fog {unknown}
 h - a scroll of fear {unknown}
Potions
 c - 2 potions of enlightenment {unknown}
 f - a potion of curing {unknown}
 j - a potion of cancellation {unknown}

Dungeon Overview and Level Annotations

Branches:
Dungeon (3/15)

Altars:
Qazlal
Zin

Shops:
D:2 :


Message History

Enter note:
Enter note:
Enter note:
Enter note:
Enter note:
Enter note:
Enter note:
Enter note: You shoot a sling bullet.
The sling bullet closely misses the orc priest.
You shoot a sling bullet. The sling bullet hits the orc priest.
The orc priest is heavily wounded.
The orc priest mumbles some strange prayers to Beogh against you.
Pain shoots through your body!
You shoot a sling bullet.
The sling bullet barely misses the orc priest.
You shoot a sling bullet.
The sling bullet barely misses the orc priest.
You shoot a sling bullet. The sling bullet hits the orc priest.
The orc priest is heavily wounded.
The orc priest hits you from afar with a +0 halberd.
You shoot a sling bullet.
The sling bullet hits the orc priest but does no damage.
The orc priest is heavily wounded.
The orc priest barely misses you. x2
You shoot a sling bullet.
The sling bullet barely misses the orc priest.
The orc priest closely misses you.
You shoot a sling bullet. The sling bullet hits the orc priest!
The orc priest is almost dead.
The orc priest hits you from afar with a +0 halberd!
You shoot a sling bullet.
The sling bullet barely misses the orc priest.
The orc priest invokes the aid of Beogh against you.
Beogh smites you! The orc priest misses you.
2798 ||| READING scroll of teleportation.
As you read the scroll of teleportation, it crumbles to dust.
You feel strangely unstable.
The orc priest hits you from afar with a +0 halberd.
You die...

##.#.....................##.#
.#.###############.##.#####.#
...................##.# #.#
.#.###############.##.#####.##
.#.# #.....................#
.#.# #.#########.###########
...#####.#######...#.....#
..............#......###.#
#..#####.######.@....###.#
....####.# 77.......#.#
......##.# 7...o...##.#####
....#.##.# 7_.............#
....#.##.# 7.......########
#.#.#.##.#####.7......#
#.#.#.##.##..##7....#.#######
#.............#.............#
......##.###.###...##.#####.#


You could see an orc priest.

Vanquished Creatures
  4 adders
  A shadow imp (D:3)
  A dart slug (D:1)
  6 worms
  6 orcs (D:3)
  7 ball pythons
  8 bats
  3 endoplasms
  3 giant cockroaches
  6 goblins
  6 hobgoblins
  8 kobolds
  A quokka (D:1)
  3 frilled lizards
  6 rats
69 creatures vanquished.

Notes
Turn   | Place    | Note
-------+----------+-------------------------------------------
     0 | D:1      | qw the Gargoyle Hexslinger began the quest for the Orb.
     0 | D:1      | Reached XP level 1. HP: 12/12 MP: 2/2
     0 | D:1      | 0 ||| qw: Version: 0.3-a-46-gb1f654a
     0 | D:1      | 0 ||| qw: Game counter: 1886
     0 | D:1      | 0 ||| qw: Melee chars always use a shield: true
     0 | D:1      | 0 ||| qw: God list: Okawaru
     0 | D:1      | 0 ||| qw: Allow faded altars: false
     0 | D:1      | 0 ||| qw: Do Orc after clearing Dungeon:15 true
     0 | D:1      | 0 ||| qw: Do second Lair branch before Depths: true
     0 | D:1      | 0 ||| qw: Lair rune preference: random
     0 | D:1      | 0 ||| qw: Goals: Normal
     0 | D:1      | 0 ||| PLANNING D:1-11
   140 | D:1      | Reached XP level 2. HP: 7/16 MP: 3/3
   274 | D:1      | Reached skill level 3 in Ranged Weapons
   329 | D:1      | Found a faded altar of an unknown god.
   417 | D:1      | Reached XP level 3. HP: 20/21 MP: 4/4
   828 | D:1      | 828 ||| UPGRADING to +0 ring mail.
   838 | D:1      | 838 ||| DROPPING +0 robe.
   839 | D:1      | 839 ||| UPGRADING to +0 pair of boots.
   844 | D:1      | 844 ||| READING 2 scrolls labelled WIFOEDEULA.
   845 | D:1      | 845 ||| READING scroll labelled QOUPTA TYJIEF.
   846 | D:1      | 846 ||| READING scroll labelled TAADOS QIALUNI.
   850 | D:1      | 850 ||| READING scroll labelled JEOXUK KOFESS.
   851 | D:1      | 851 ||| DROPPING scroll of poison.
   878 | D:2      | Reached skill level 1 in Armour
   984 | D:2      | Found Vohuukh's Book Boutique.
  1081 | D:2      | Reached XP level 4. HP: 23/26 MP: 5/5
  1679 | D:3      | Found a stormy altar of Qazlal.
  1791 | D:3      | Found a glowing silver altar of Zin.
  1949 | D:3      | Reached skill level 4 in Ranged Weapons
  2239 | D:3      | HP: 6/26 [orc priest/divine providence (17)]
  2240 | D:3      | 2240 ||| READING 2 scrolls of teleportation.
  2243 | D:3      | Reached XP level 5. HP: 8/30 MP: 6/6
  2797 | D:3      | HP: 3/30 [orc priest/divine providence (14)]
  2798 | D:3      | 2798 ||| READING scroll of teleportation.
  2798 | D:3      | Slain by an orc priest

Levels and vault maps discovered:
D:1:      lightli_arrival_flooded_house, layout_loops_ring,
          ebering_ecumenical_altar_sacrificial
D:2:      layout_loops_ring, serial_shops, nicolae_book_shop_shelving
D:3:      layout_basic, grunt_qazlal_sundering, zin_academy, nicolae_wormholes

Skill      XL: |  1  2  3  4 |
---------------+-------------+-----
Ranged Weapons | 3 4 |  4.8
Fighting       | 2 |  2.0
Armour         | 1 |  1.0
Dodging        | |  1.5
Spellcasting   | |  1.0
Hexes          | |  2.6

Action                     |  1- 3 |  4- 6 || total
---------------------------+-------+-------++-------
   Fire: Sling             |   115 |   166 ||   281
    Use: Scroll            |     4 |     2 ||     6
 Armour: Robe              |     8 |       ||     8
         Ring mail         |    21 |    38 ||    59
  Dodge: Dodged            |    45 |    33 ||    78

Table legend:
 A = Non-vault XP
 B = Vault XP
 C = Vault XP percentage of total XP
 D = Non-vault monster count
 E = Vault monster count
 F = Vault count percentage of total count
                 A         B        C        D         E       F
            +---------+---------+-------+---------+---------+-------
      Total |     178 |      17 |   8.7 |      66 |       3 |   4.3
            +---------+---------+-------+---------+---------+-------
        D:1 |      42 |       0 |   0.0 |      23 |       0 |   0.0
        D:2 |      55 |       0 |   0.0 |      20 |       0 |   0.0
        D:3 |      81 |      17 |  17.3 |      23 |       3 |  11.5
            +---------+---------+-------+---------+---------+-------
